 Dungeon Crawl Stone Soup version 0.30-a0-778-g2ef04afb54 (webtiles) character file.

Game seed: 14786535627360917279

6533 Lavandula the Slicer (level 11, -13/78 HPs)
             Began as a Human Monk on Feb 16, 2023.
             Was a Priest of Elyvilon.
             Killed from afar by an acid dragon (30 damage)
             ... with a splash of acid
             ... on level 10 of the Dungeon.
             The game lasted 00:20:20 (10616 turns).

Lavandula the Slicer (Human Monk)                  Turns: 10616, Time: 00:20:20

Health: -13/78     AC:  4    Str: 15    XL:     11   Next: 20%
Magic:  14/17      EV: 17    Int: 11    God:    Elyvilon [***...]
Gold:   620        SH:  5    Dex: 16    Spells: 10/10 levels left

rFire   . . .      SeeInvis .    Q - +4 falchion (freeze)
rCold   . . .      Faith    .    q - +0 buckler
rNeg    . . .      Spirit   .    b - +0 steam dragon scales
rPois   .          Reflect  .    l - +1 helmet
rElec   .          Harm     .    w - +1 cloak
rCorr   .          Rampage  .    H - +2 pair of gloves
Will    +....                    (no boots)
Stlth   ++                       (no amulet)
HPRegen 0.33/turn                t - +5 ring of evasion
MPRegen 0.15/turn                f - ring of willpower

@: corroded
A: no striking features
a: Renounce Religion, Purification, Heal Other, Heal Self


You were on level 10 of the Dungeon.
You worshipped Elyvilon.
Elyvilon was most pleased with you.
You visited 2 branches of the dungeon, and saw 11 of its levels.
You also visited: Ossuary.

You collected 620 gold pieces.

Inventory:

Hand Weapons
 C - a +4 flail of holy wrath
 G - a +4 dagger of venom
 Q - a +4 falchion of freezing (weapon)
 T - a +1 heavy scimitar
Missiles
 D - a throwing net
 J - 5 boomerangs
 R - 11 poisoned darts (quivered)
Armour
 a - a +2 leather armour of cold resistance
 b - +0 steam dragon scales (worn)
 l - a +1 helmet (worn)
 q - a +0 buckler (worn)
 w - a +1 cloak (worn)
 E - a +1 robe of willpower
 H - a +2 pair of gloves (worn)
Jewellery
 e - a ring of positive energy
 f - a ring of willpower (right hand)
 t - a +5 ring of evasion (left hand)
 u - a ring of ice
Wands
 K - a wand of roots (11)
 N - a wand of flame (29)
 O - a wand of paralysis (5)
Scrolls
 d - a scroll of magic mapping
 h - 2 scrolls of enchant armour
 v - 4 scrolls of vulnerability
 y - 2 scrolls of enchant weapon
 L - 2 scrolls of torment {unknown}
 M - a scroll of amnesia {unknown}
 S - 2 scrolls of butterflies {unknown}
Potions
 c - 3 potions of lignification {unknown}
 g - 3 potions of might {unknown}
 i - 5 potions of heal wounds
 j - 3 potions of curing
 k - 5 potions of degeneration {unknown}
 m - a potion of ambrosia
 n - 2 potions of attraction {unknown}
 o - 3 potions of mutation {unknown}
 r - 3 potions of brilliance {unknown}
 s - a potion of magic {unknown}
 x - 2 potions of invisibility {unknown}
 z - 2 potions of flight {unknown}
 A - 2 potions of cancellation {unknown}
 F - 4 potions of haste {unknown}
Miscellaneous
 P - a lightning rod (4/4)


   Skills:
 - Level 4.4 Fighting
 - Level 9.5(10.0) Short Blades
 - Level 4.8(7.8) Long Blades
 - Level 4.5 Maces & Flails
 - Level 2.4 Armour
 - Level 3.0 Dodging
 - Level 2.0 Stealth
 - Level 5.0 Shields
 - Level 8.3 Invocations
 + Level 5.8 Evocations


You had 10 spell levels left.
You didn't know any spells.
Your spell library contained the following spells:

 Spells                   Type           Power      Damage    Failure   Level
 Foxfire                  Conj/Fire      0%         2x1d4     41%         1
 Sting                    Tmut/Pois      0%         1d3       41%         1
 Ensorcelled Hibernation  Hex/Ice        0%         N/A       56%         2
 Poisonous Vapours        Pois/Air       0%         N/A       56%         2
 Hailstorm                Conj/Ice       0%         3d3       80%         3
 Spider Form              Tmut/Pois      0%         N/A       80%         3
 Swiftness                Air            0%         N/A       80%         3
 Anguish                  Hex/Necr       0%         N/A       99%         4
 Ice Form                 Ice/Tmut       0%         N/A       99%         4
 Leda's Liquefaction      Hex/Erth       0%         N/A       99%         4
 Olgreb's Toxic Radiance  Pois           0%         N/A       99%         4
 Summon Lightning Spire   Summ/Air       0%         N/A       99%         4
 Fireball                 Conj/Fire      0%         3d3       100%        5
 Iron Shot                Conj/Erth      0%         9d1       100%        6
 Simulacrum               Ice/Necr       0%         N/A       100%        6
 Starburst                Conj/Fire      0%         6d3       100%        6


Dungeon Overview and Level Annotations

Branches:
Dungeon (10/15)            Temple (1/1) D:5            Lair (0/5) D:9
Ossuary (visited)
    Orc: D:9-12

Altars:
Ashenzari
Cheibriados
Dithmenos
Elyvilon
Fedhas
Gozag
Hepliaklqana
Kikubaaqudgha
Makhleb
Nemelex Xobeh
Okawaru
Qazlal
Ru
Sif Muna
Trog
Uskayaw
Vehumet
Wu Jian
Xom
Yredelemnul
Zin
The Shining One

Annotations:
D:9 2 transporters, zamzamzam's ghost, novice HuNe


Message History

You barely miss the acid dragon. The acid dragon closely misses you.
You block the acid dragon's attack.
You hit the acid dragon. You freeze the acid dragon.
The acid dragon is lightly wounded.
The acid dragon bites you. The acid dragon misses you.
You hit the acid dragon. You freeze the acid dragon.
The acid dragon is moderately wounded.
The acid dragon spits acid at you. The splash of acid hits you!
You barely miss the acid dragon.
The acid dragon is moderately wounded.
The acid dragon misses you.
The acid dragon claws you but does no damage.
You hit the acid dragon. You freeze the acid dragon.
The acid dragon is heavily wounded.
The acid dragon bites you.
The acid dragon claws you but does no damage.
You barely miss the acid dragon.
The acid dragon is heavily wounded.
A two-headed ogre comes into view.
It is wielding a +0 giant spiked club and a +0 giant club.
The acid dragon barely misses you. The acid dragon completely misses you.
You hit the acid dragon. You freeze the acid dragon.
The acid dragon is heavily wounded.
The acid dragon spits acid at you. The splash of acid hits you!!
The acid corrodes you!
You barely miss the acid dragon.
The acid dragon is heavily wounded.
The acid dragon bites you. The acid dragon barely misses you.
You hit the acid dragon but do no damage.
The acid dragon is heavily wounded.
The acid dragon bites you!
* * * LOW HITPOINT WARNING * * *
The acid dragon claws you.
* * * LOW HITPOINT WARNING * * *
Press: ? - help, Dir - move target, f - acid dragon Heal: an acid dragon (heavily wounded, chance to pacify: 85%)
The light of Elyvilon fails to reach the acid dragon.
The acid dragon spits acid at you. The splash of acid hits you!!
You die...

*,* #######.#### **,*
########..#### **,,*
#............# *,,**
#.......†....# ***+*****
#............#
,,,,,,,,****#............#
,,,,,,,,+,,*#............#
,,,,,,,,**,*#............#
,,,,,,,,**,,#...@........#
,,,,,,,,***,+...D........#
,,,,,,,,* **#............#
,,,,,,,,* #...O........#
*****+*** #............#
*,,* #####.######**
****+*** ***..,****
,,,,,,,* *,,..,,,,*
,,,,,,,* *,,,,,,,,*


You could see a two-headed ogre and an acid dragon (catching breath).

Vanquished Creatures
  Maggie (D:9)
  Prince Ribbit (D:7)
  6 yaks (D:9)
  A wyvern (D:7)
  A shadow (D:9)
  3 steam dragons
  Menkaure (D:5)
  A water moccasin (D:6)
  An orc warrior (D:8)
  A black bear (D:6)
  2 ice beasts
  An ogre (D:5)
  3 phantoms
  2 bullfrogs (D:8)
  A kobold brigand (D:9)
  3 necrophages
  Blork the orc (D:5)
  2 scorpions (D:5)
  3 wights
  5 killer bees (D:9)
  3 howler monkeys
  3 electric eels (D:9)
  Crazy Yiuf (D:3)
  6 hounds
  8 orc priests
  A gnoll bouda (D:7)
  An iguana (D:4)
  Natasha (twice) (D:4)
  8 orc wizards
  8 mummies (Ossuary)
  Robin (D:3)
  2 adders
  9 gnolls
  A shadow imp (D:6)
  2 white imps
  2 ufetubi
  4 dart slugs
  26 orcs
  A ball python (D:3)
  7 endoplasms
  3 giant cockroaches
  5 gnoll zombies (Ossuary)
  14 hobgoblins
  4 jackals
  3 quokkas
  8 bats (D:1)
  A frilled lizard (D:1)
  14 goblins
  2 hobgoblin zombies (Ossuary)
  9 kobolds
  An orc zombie (Ossuary)
  2 rats
202 creatures vanquished.

Vanquished Creatures (others)
  A vampire mosquito (D:7)
  A gnoll sergeant (D:7)
  3 gnolls (D:7)
  A white imp (D:6)
  2 orcs (D:7)
8 creatures vanquished.

Grand Total: 210 creatures vanquished

Notes
Turn   | Place    | Note
-------+----------+-------------------------------------------
     0 | D:1      | Lavandula the Human Monk began the quest for the Orb.
     0 | D:1      | Reached XP level 1. HP: 18/18 MP: 1/1
   104 | D:1      | Reached XP level 2. HP: 24/24 MP: 2/2
   257 | D:1      | Reached XP level 3. HP: 25/29 MP: 3/3
  1176 | D:3      | Reached XP level 4. HP: 35/35 MP: 4/4
  1268 | D:3      | Noticed Robin
  1305 | D:3      | Killed Robin
  1306 | D:3      | Reached skill level 1 in Short Blades
  1405 | D:3      | Found a basalt altar of Yredelemnul.
  1521 | D:3      | Reached skill level 2 in Short Blades
  1521 | D:3      | Reached XP level 5. HP: 39/41 MP: 5/5
  1705 | D:3      | Found a runed translucent door.
  1706 | D:3      | Noticed Crazy Yiuf
  1851 | D:3      | Killed Crazy Yiuf
  1857 | D:3      | Identified the +1 hammer of Desperation {flame, rPois}
  2005 | D:4      | Found a sand-covered staircase.
  2013 | D:4      | Got the Monograph on the Rocks and Voltage
  2021 | D:4      | Noticed a phantom
  2025 | D:4      | Reached skill level 3 in Short Blades
  2036 | D:4      | Killed a phantom
  2037 | D:4      | Reached skill level 4 in Short Blades
  2037 | D:4      | Reached XP level 6. HP: 42/47 MP: 6/6
  2041 | Ossuary  | Entered an ossuary
  2123 | Ossuary  | HP: 1/47 [mummy (12)]
  2397 | Ossuary  | Reached skill level 5 in Short Blades
  2930 | D:4      | Noticed Natasha
  2948 | D:4      | Killed Natasha
  2949 | D:4      | Reached XP level 7. HP: 46/52 MP: 7/7
  3086 | D:4      | Noticed Natasha
  3095 | D:4      | Killed Natasha
  3189 | D:5      | Entered Level 5 of the Dungeon
  3232 | D:5      | Reached skill level 6 in Short Blades
  3233 | D:5      | Found a staircase to the Ecumenical Temple.
  3266 | D:5      | Noticed Blork the orc
  3279 | D:5      | Killed Blork the orc
  3387 | Temple   | Entered the Ecumenical Temple
  3463 | Temple   | Became a worshipper of Elyvilon the Healer
  3463 | Temple   | Reached * piety under Elyvilon
  3463 | Temple   | Reached ** piety under Elyvilon
  3746 | D:5      | Reached skill level 7 in Short Blades
  3746 | D:5      | Reached XP level 8. HP: 29/58 MP: 8/8
  4232 | D:5      | Noticed Menkaure
  4262 | D:4      | Reached skill level 8 in Short Blades
  4400 | D:5      | Killed Menkaure
  4962 | D:5      | Reached skill level 9 in Short Blades
  5503 | D:6      | Reached XP level 9. HP: 60/63 MP: 8/10
  5876 | D:6      | Reached skill level 5 in Invocations
  6448 | D:7      | Reached *** piety under Elyvilon
  6811 | D:7      | Noticed Prince Ribbit
  6853 | D:7      | Killed Prince Ribbit
  7024 | D:7      | Reached XP level 10. HP: 70/70 MP: 16/16
  7918 | D:8      | Noticed Maurice
  7924 | D:8      | Pacified Maurice
  7925 | D:8      | Reached skill level 5 in Shields
  8102 | D:8      | Reached skill level 1 in Armour
  8951 | D:9      | Reached skill level 1 in Maces & Flails
  9274 | D:9      | Found a stormy altar of Qazlal.
  9343 | D:9      | HP: 1/72 [wight/+4 falchion of freezing (9)]
  9343 | D:9      | Elyvilon protects you from harm!
  9368 | D:9      | Reached skill level 1 in Evocations
  9729 | D:9      | Noticed a two-headed ogre
  9739 | D:9      | Pacified a two-headed ogre
  9740 | D:9      | Reached XP level 11. HP: 24/78 MP: 12/17
 10003 | D:9      | Found a staircase to the Lair.
 10063 | D:9      | Noticed Maggie
 10092 | D:9      | Killed Maggie
 10155 | D:9      | Found a bloodstained altar of Trog.
 10205 | D:9      | Found a transporter.
 10214 | D:9      | Found a transporter.
 10219 | D:9      | Noticed a deep troll
 10219 | D:9      | Noticed a two-headed ogre
 10219 | D:9      | Noticed a two-headed ogre
 10221 | D:9      | Noticed a moth of wrath
 10222 | D:9      | Found a bloodstained altar of Trog.
 10232 | D:9      | Noticed zamzamzam's ghost (novice HuNe)
 10498 | D:10     | Entered Level 10 of the Dungeon
 10518 | D:9      | Reached skill level 5 in Evocations
 10612 | D:10     | Noticed a two-headed ogre
 10616 | D:10     | Killed from afar by an acid dragon

Illustrated notes

Levels and vault maps discovered:
D:1:      dpeg_arrival_shrine, layout_basic
D:2:      layout_rooms
D:3:      layout_loops_ring, lemuel_doored_altar, st_stairs_6, corner_web_ring,
          uniq_robin, uniq_crazy_yiuf_cottage
D:4:      layout_loops_ring, nicolae_ossuary_entry_ruins, uniq_natasha
D:5:      layout_cave_pods, minmay_temple_entry_junction_2,
          cheibrodos_gnoll_hut, uniq_blork_the_orc, uniq_menkaure
D:6:      layout_loops_corners, nicolae_lava_and_water
D:7:      layout_loops_ring, amcnicky_mini_rare_corridor_liquid,
          kennysheep_generic_room_3, uniq_prince_ribbit1
D:8:      layout_loops_corners, sigmund_army, uniq_maurice
D:9:      layout_basic, grunt_qazlal_sundering, kennysheep_mini_moat,
          lair_entry_dummy, gammafunk_ghost_wrathful_warriors, uniq_maggie
D:10:     layout_roguey, enter_bailey_2, uniq_harold, uniq_nergalle
Temple:   compressed_dpeg_triangle_lava_temple

Skill      XL: |  1  2  3  4  5  6  7  8  9 10 11 |
---------------+----------------------------------+-----
Long Blades    | 4 |  4.8
Short Blades   | 2 4 5 7 9 |  9.5
Invocations    | 2 8 |  8.3
Fighting       | 4 |  4.4
Shields        | 5 |  5.0
Armour         | 2 |  2.4
Maces & Flails | 4 |  4.5
Evocations     | 3 5 |  5.8
Dodging        | |  3.0
Stealth        | |  2.0

Action                     |  1- 3 |  4- 6 |  7- 9 | 10-12 || total
---------------------------+-------+-------+-------+-------++-------
  Melee: Falchion          |    84 |   154 |     4 |    19 ||   261
         Dagger            |       |    63 |   300 |   371 ||   734
         Punch             |       |     5 |     6 |     3 ||    14
         Flail             |       |       |    23 |    26 ||    49
  Throw: Dart              |       |       |       |    17 ||    17
         Boomerang         |       |       |       |     1 ||     1
 Invoke: Heal Other        |       |       |     3 |    11 ||    14
         Heal Self         |       |       |       |     3 ||     3
  Evoke: Wand              |       |       |       |     3 ||     3
    Use: Scroll            |       |     5 |     1 |     6 ||    12
         Potion            |       |     1 |     3 |       ||     4
   Stab: Sleeping          |     8 |       |     3 |       ||    11
 Armour: Robe              |    10 |       |    37 |     8 ||    55
         Scale mail        |     2 |    70 |    12 |       ||    84
         Steam dragon scal |       |       |       |    63 ||    63
  Dodge: Dodged            |    58 |   130 |   203 |   222 ||   613
  Block: Buckler           |       |       |       |    61 ||    61

Table legend: (Time is in decaauts)
 A = Elapsed time spent in this place.
 B = Non-inter-level travel time spent in this place.
 C = Inter-level travel time spent in this place.
 D = Time resting spent in this place.
 E = Time spent auto-exploring this place.
 F = Levels seen in this place.
 G = Mean time per level.
                   A        B        C        D        E       F      G
               +--------+--------+--------+--------+--------+-----+--------+
         Total |  10322 |   9821 |    501 |   1638 |   6070 |  12 |  860.2 |
       Dungeon |   9464 |   8976 |    488 |   1326 |   5703 |  10 |  946.4 |
        Temple |    272 |    259 |     13 |      0 |    241 |   1 |  272.0 |
       Ossuary |    585 |    585 |      0 |    312 |    126 |   1 |  585.0 |
               +--------+--------+--------+--------+--------+-----+--------+

Top non-repeatable levels by time:
     D:9: 1496 daAuts
     D:8: 1312 daAuts
     D:5: 1305 daAuts
     D:6: 1236 daAuts
     D:7: 1184 daAuts
     D:4: 968 daAuts
     D:1: 965 daAuts
     D:3: 802 daAuts
 Ossuary: 585 daAuts
  Temple: 272 daAuts
     D:2: 139 daAuts
    D:10: 52 daAuts
